 Dungeon Crawl Stone Soup version 0.31.0-9-g3a7656b989 (webtiles) character file.

Game seed: 18401941461316352002

1621 Killerpretzel the Thaumaturge (level 8, 0/41 HPs)
             Began as a Deep Elf Conjurer on Jan 25, 2024.
             Was a Believer of Vehumet.
             Slain by a vampire mosquito (4 damage)
             ... on level 11 of the Dungeon.
             The game lasted 00:27:09 (7143 turns).

Killerpretzel the Thaumaturge (Deep Elf Conjurer)   Turns: 7143, Time: 00:27:10

Health: 0/41       AC:  3    Str:  4    XL:     8   Next: 64%
Magic:  23/23      EV: 14    Int: 26    God:    Vehumet [**....]
Gold:   366        SH:  0    Dex: 19    Spells: 23/26 levels left

rFire   + . .        x - +2 whip (venom)
rCold   x . .        w - orb {*channel}
rNeg    . . .        a - +0 robe
rPois   .            (no helmet)
rElec   .            (no cloak)
rCorr   .            (no gloves)
SInv    .            D - +0 pair of boots
Will    .....        i - amulet of regeneration
Stlth   +++          t - ring of fire
HPRegen 1.06/turn    z - +6 ring of dexterity
MPRegen 0.18/turn

%: channel magic (20%)
@: studying Unarmed Combat
A: no striking features
a: Renounce Religion


You were on level 11 of the Dungeon.
You worshipped Vehumet.
Vehumet was pleased with you.
You visited 1 branch of the dungeon, and saw 9 of its levels.

You collected 366 gold pieces.

Inventory:

Hand Weapons
 g - a +0 short sword
 q - a +2 trident of venom
 r - a +3 dagger
 x - a +2 whip of venom (weapon)
 y - a +2 whip of holy wrath
Armour
 a - a +0 robe (worn)
 s - a scarf of shadows
 w - an orb of energy (worn)
 D - a +0 pair of boots (worn)
Jewellery
 i - an amulet of regeneration (around neck)
 t - a ring of fire (left hand)
 z - a +6 ring of dexterity (right hand)
 A - an amulet of regeneration
 F - an amulet of reflection
Talismans
 h - a flux talisman
Wands
 k - a wand of paralysis (8)
 u - a wand of light (8)
Scrolls
 d - 3 scrolls of enchant weapon
 e - 5 scrolls of identify
 m - a scroll of enchant armour {unknown}
 o - 2 scrolls of vulnerability
 B - a scroll of fog
 E - a scroll of poison {unknown}
 G - a scroll of teleportation {unknown}
Potions
 b - a potion of magic
 c - 4 potions of curing
 f - 2 potions of invisibility {unknown}
 j - 2 potions of mutation {unknown}
 l - 2 potions of enlightenment {unknown}
 n - 2 potions of haste {unknown}
 p - a potion of heal wounds {unknown}
 v - a potion of lignification {unknown}
 C - a potion of brilliance {unknown}


   Skills:
 - Level 4.7 Dodging
 - Level 5.0 Stealth
 * Level 9.5 Spellcasting
 * Level 8.9 Conjurations


You had 23 spell levels left.
You knew the following spells:

 Your Spells              Type           Power      Damage    Failure   Level
a - Magic Dart            Conj           100%       1d8       1%          1
b - Searing Ray           Conj           100%       2d8       2%          2

Your spell library contained the following spells:

 Spells                   Type           Power      Damage    Failure   Level
 Kiss of Death            Conj/Necr      100%       2d13      4%          1
 Stone Arrow              Conj/Erth      70%        3d11      9%          3
 Fulminant Prism          Conj/Alch      17%        3d10      21%         4
 Iskenderun's Mystic Bla  Conj/Tloc      35%        2d8       21%         4
 Fugue of the Fallen      Necr           12%        N/A       32%         3
 Ozocubu's Armour         Ice            12%        N/A       32%         3
 Manifold Assault         Tloc           12%        N/A       65%         4
 Summon Forest            Summ/Tloc      6%         N/A       92%         5
 Summon Hydra             Summ           6%         N/A       100%        7


Dungeon Overview and Level Annotations

Branches:
Dungeon (11/15)
 Temple: D:4-7         Lair: D:8-11         Orc: D:9-12

Altars:
Ashenzari
Cheibriados
Elyvilon
Hepliaklqana
Kikubaaqudgha
Okawaru
Qazlal
Ru
Sif Muna
Trog
Uskayaw
Vehumet
Zin
The Shining One
Lugonu

Shops:
D:6 (

Portals:
Abyss: D:3

Annotations:
D:3 exclusion: downstairs
D:4 !sky_beast, exclusion: sky beast
D:5 2 exclusions
D:6 4 runed translucent doors
D:7 exclusion: downstairs
D:8 Grum


Message History

A vampire mosquito comes into view.
A vampire mosquito is nearby!
Casting: Magic Dart (safe; 1% risk of failure)
Confirm with . or Enter, or press ? or * to list all spells.
Aiming: Magic Dart (safe; 1% risk of failure)
Press: ? - help, Shift-Dir - straight line, f - vampire mosquito
Aim: a vampire mosquito (wandering, hasn't noticed you, 100% to hit)
The magic dart hits the vampire mosquito.
The vampire mosquito is lightly damaged.
The vampire mosquito buzzes angrily.
Magical energy flows into your mind!
You hear an angry buzzing noise. x2
A vampire mosquito comes into view. x2
There are monsters nearby!
The vampire mosquito completely misses you.
The vampire mosquito attacks as it pursues you!
The vampire mosquito bites you.
The vampire mosquito draws strength from your injuries!
The vampire mosquito bites you!
The vampire mosquito draws strength from your injuries!
The vampire mosquito attacks as it pursues you!
The vampire mosquito bites you!
The vampire mosquito draws strength from your injuries!
The vampire mosquito closely misses you.
As you read the scroll labelled QECWOMP FUYCUN, it dissolves into smoke.
It was a scroll of fog.
The vampire mosquito bites you.
The vampire mosquito draws strength from your injuries!
The vampire mosquito closely misses you.
The vampire mosquito bites you.
The vampire mosquito draws strength from your injuries!
The vampire mosquito bites you!
* * * LOW HITPOINT WARNING * * *
The vampire mosquito draws strength from your injuries!
The vampire mosquito bites you!
* * * LOW HITPOINT WARNING * * *
The vampire mosquito draws strength from your injuries!
Okay, then.
The vampire mosquito attacks as it pursues you!
The vampire mosquito bites you.
You die...

# #............# #........
#............###........
#.
#............#..........
#.
#............#......###.
#..#........|...#......#
#..#...................#
#...^........§y§§....##
####..........§y§§.......
#.............@y§........
#............>...###......
#......###.......# #...#[
# #......# #.(.....# ...#
# ##.##### #.......# ###
####.# #....#### .†)).#
#.)..# ###### #....#


You could see 3 vampire mosquitoes.

Vanquished Creatures
  3 yaks (D:11)
  An acid dragon (D:11)
  3 ogres
  A kobold brigand (D:6)
  A bullfrog (D:7)
  A scorpion (D:6)
  3 howler monkeys (D:7)
  3 hounds
  4 orc wizards
  A sleepcap (D:5)
  2 iguanas
  A mummy (D:5)
  10 adders
  A shadow imp (D:5)
  2 ufetubi (D:7)
  A ribbon worm (D:2)
  5 dart slugs
  13 orcs
  15 ball pythons
  2 endoplasms
  A giant cockroach (D:2)
  6 goblins
  7 hobgoblins
  9 jackals
  2 quokkas
  6 bats
  2 frilled lizards
  A hobgoblin zombie (D:5)
  16 kobolds
  An orc zombie (D:5)
  5 rats
  A lurking horror (D:3)
130 creatures vanquished.

Notes
Turn   | Place    | Note
-------+----------+-------------------------------------------
     0 | D:1      | Killerpretzel the Deep Elf Conjurer began the quest for the
                  | Orb.
     0 | D:1      | Reached XP level 1. HP: 10/10 MP: 6/6
   156 | D:1      | Reached XP level 2. HP: 10/15 MP: 4/8
   204 | D:1      | Learned a level 2 spell: Searing Ray
   588 | D:1      | Reached XP level 3. HP: 19/19 MP: 1/10
  1932 | D:2      | Reached XP level 4. HP: 24/24 MP: 9/11
  2242 | D:3      | Reached skill level 4 in Spellcasting
  2242 | D:3      | Reached skill level 5 in Conjurations
  2352 | D:3      | Reached XP level 5. HP: 28/28 MP: 10/13
  2381 | D:3      | Found a sacrificial altar of Ru.
  2388 | D:3      | Found a corrupted altar of Lugonu.
  2401 | D:3      | Found a one-way gate to the infinite horrors of the Abyss.
  2471 | D:3      | Found a shimmering blue altar of Sif Muna.
  2626 | D:3      | Found a broken altar of Ashenzari.
  2650 | D:3      | Found a hide-covered altar of Uskayaw.
  2808 | D:3      | Found a stormy altar of Qazlal.
  2808 | D:3      | Found a radiant altar of Vehumet.
  2809 | D:3      | Found a hazy altar of Hepliaklqana.
  2809 | D:3      | Found a snail-covered altar of Cheibriados.
  2853 | D:3      | Became a worshipper of Vehumet
  3163 | D:4      | Noticed a phantom
  3569 | D:4      | Noticed a sky beast
  3648 | D:5      | Entered Level 5 of the Dungeon
  3869 | D:5      | Found a sand-covered staircase.
  3955 | D:5      | Found a bloodstained altar of Trog.
  3963 | D:5      | Noticed an ogre
  4157 | D:5      | Reached skill level 5 in Spellcasting
  4157 | D:5      | Reached XP level 6. HP: 32/32 MP: 8/15
  4606 | D:5      | Reached * piety under Vehumet
  4606 | D:5      | Offered knowledge of Sandblast by Vehumet.
  4607 | D:5      | Reached skill level 5 in Stealth
  4724 | D:5      | Found an ancient bone altar of Kikubaaqudgha.
  5004 | D:6      | Found Wuty's Antique Weapon Emporium.
  5034 | D:6      | Reached XP level 7. HP: 36/36 MP: 6/17
  5040 | D:6      | Reached skill level 6 in Spellcasting
  5290 | D:6      | Found a glowing silver altar of Zin.
  5290 | D:6      | Found a white marble altar of Elyvilon.
  5290 | D:6      | Found a glowing golden altar of the Shining One.
  5508 | D:6      | Found an iron altar of Okawaru.
  5570 | D:6      | Found a large runed translucent door.
  5570 | D:6      | Found a large runed translucent door.
  5573 | D:6      | Noticed a kobold demonologist
  5584 | D:6      | Found a large runed translucent door.
  5584 | D:6      | Found a large runed translucent door.
  5631 | D:6      | Noticed a shadow
  5696 | D:7      | Reached skill level 7 in Spellcasting
  5956 | D:7      | Found a broken altar of Ashenzari.
  6047 | D:7      | Got the Volume of the Petrous Band
  6063 | D:7      | Reached XP level 8. HP: 41/41 MP: 14/21
  6230 | D:7      | Offered knowledge of Kiss of Death by Vehumet.
  6258 | D:7      | Reached ** piety under Vehumet
  6259 | D:7      | Reached skill level 8 in Spellcasting
  6305 | D:7      | Found a glowing golden altar of the Shining One.
  6812 | D:8      | Noticed Grum
  6817 | D:8      | You fall into a shaft and drop 3 floors!
  6835 | D:11     | Noticed a cyclops
  6853 | D:11     | Found a glowing golden altar of the Shining One.
  7012 | D:11     | Reached skill level 9 in Spellcasting
  7143 | D:11     | Slain by a vampire mosquito

Illustrated notes

Levels and vault maps discovered:
D:1:      mrwooster_arrival_arrow, layout_loops_ring
D:2:      layout_basic, roderic_filled_cross
D:3:      layout_basic, nicolae_overflow_crystal_walls,
          eat_drink_and_be_merry_uskayaw, nicolae_ashenzari_panopticon,
          chequers_temple_overflow_statue_of_worship, nicolae_ru_awakened_eye,
          eino_curves_02, dk_noncrumbling_4, amcnicky_altar_lugonu_corruption
D:4:      layout_basic, minmay_temple_entry_offerings
D:5:      layout_basic, mainiacjoe_overflow_alcove_2, trog_three_pillars_becter,
          nicolae_ossuary_entry_giza
D:6:      layout_loops_ring, good_gods_mini_temple,
          mainiacjoe_overflow_chevrons, serial_shops, shop,
          minmay_hollow_rounded_squares
D:7:      layout_gridville, hangedman_feature_mirror, minmay_misc_feat_doors
D:8:      layout_cave_pools, hangedman_abyss_or_decor_stabs, nicolae_the_louvre,
          uniq_grum
D:11:     layout_basic, nicolae_tso_carved_into_rock

Skill      XL: |  1  2  3  4  5  6  7  8 |
---------------+-------------------------+-----
Stealth        | 3 4 5 |  5.0
Dodging        | 3 4 |  4.7
Spellcasting   | 4 5 7 9 |  9.5
Conjurations   | 5 6 7 8 |  8.9

Action                     |  1- 3 |  4- 6 |  7- 9 || total
---------------------------+-------+-------+-------++-------
   Cast: Magic Dart        |    60 |    87 |    48 ||   195
         Searing Ray       |    13 |    19 |    24 ||    56
    Use: Scroll            |     1 |       |     2 ||     3
         Potion            |     1 |       |       ||     1
 Armour: Robe              |     6 |     4 |    18 ||    28
  Dodge: Dodged            |     3 |     5 |    20 ||    28
